 Dungeon Crawl Stone Soup version 0.29.1-1-gd02db6906a (webtiles) character file.

Game seed: 1167262399491229240

78 wingedge the Stinger (level 3, -7/29 HPs)
             Began as a Demigod Venom Mage on Oct 18, 2022.
             Killed from afar by Ijyb (19 damage)
             ... with a bolt of dispelling energy
             ... on level 3 of the Dungeon.
             The game lasted 00:16:35 (2536 turns).

wingedge the Stinger (Demigod Venom Mage)           Turns: 2536, Time: 00:16:36

Health: -7/29      AC:  7    Str:  9    XL:     3   Next: 94%
Magic:  0/8        EV: 10    Int: 17    God:
Gold:   83         SH:  0    Dex: 18    Spells: 0/6 levels left

rFire   . . .      SeeInvis .   a - +0 short sword
rCold   + . .      Faith    .   (no shield)
rNeg    . . .      Spirit   +   t - +1 ring mail of Vublap {rC+ Regen+}
rPois   .          Reflect  .   (no helmet)
rElec   .          Harm     .   m - +0 cloak
rCorr   .          Rampage  .   (no gloves)
Will    .....                   (no boots)
Stlth   ++........              k - amulet of guardian spirit
HPRegen 0.89/turn               r - ring of wizardry
MPRegen 0.11/turn               (no ring)

@: invisible (expiring)
A: high MP 1, forlorn, divine attributes
a: no special abilities


You were on level 3 of the Dungeon.
You visited 1 branch of the dungeon, and saw 3 of its levels.

You collected 83 gold pieces.

Inventory:

Hand Weapons
 a - a +0 short sword (weapon)
 b - a +0 sling
 e - a +0 war axe
 w - a +0 dagger
Armour
 m - a +0 cloak (worn)
 t - the +1 ring mail of Vublap (worn) {rC+ Regen+}
   (You found it on level 2 of the Dungeon)

   rC:        It protects you from cold.
   Regen:     It increases your rate of health regeneration.
Jewellery
 k - an amulet of guardian spirit (around neck)
 r - a ring of wizardry (left hand)
Scrolls
 d - 2 scrolls of identify {unknown}
 n - a scroll of immolation {unknown}
 q - 3 scrolls of teleportation
 v - 2 scrolls of noise {unknown}
Potions
 c - 2 potions of mutation {unknown}
 f - a potion of magic
 i - a potion of attraction {unknown}
 j - a potion of invisibility
 l - 2 potions of flight {unknown}
 u - a potion of might {unknown}


   Skills:
 - Level 2.0 Fighting
 - Level 2.0 Dodging
 - Level 2.0 Stealth
 - Level 2.0 Spellcasting
 - Level 0.4 Conjurations
 - Level 1.0 Transmutations
 + Level 1.5 Air Magic
 - Level 3.0 Poison Magic


You couldn't memorise any spells.
You knew the following spells:

 Your Spells              Type           Power      Damage    Failure   Level
a - Sting                 Tmut/Pois      32%        1d4       10%         1
b - Poisonous Vapours     Pois/Air       18%        N/A       13%         2
c - Mephitic Cloud        Conj/Pois/Air  7%         N/A       32%         3

Your spell library contained the following spells:

 Spells                   Type           Power      Damage    Failure   Level
 Olgreb's Toxic Radiance  Pois           11%        N/A       50%         4
 Alistair's Intoxication  Tmut/Pois      5%         N/A       92%         5
 Borgnjor's Vile Clutch   Necr/Erth      0%         N/A       99%         5
 Eringya's Noxious Bog    Tmut/Pois      4%         N/A       100%        6


Dungeon Overview and Level Annotations

Branches:
Dungeon (3/15)

Annotations:
D:3 Ijyb


Innate Abilities, Weirdness & Mutations

You have an increased reservoir of magic. (+10% MP)
You shall have no god before yourself.
Your divine heritage dramatically boosts your attributes as you level up.


Message History

Ijyb is moderately wounded.
You hit Ijyb.
Ijyb is moderately wounded.
Ijyb screams, "Me still stronger!
You very nasty!"
A gnoll comes into view. It is wielding a +0 flail.
Ijyb closely misses you.
You hit Ijyb but do no damage.
Ijyb is heavily wounded.
Ijyb hits you but does no damage.
You barely miss Ijyb.
Ijyb is severely wounded.
A gnoll comes into view. It is wielding a +0 spear.
Ijyb cowers and screams, "My head!
Aaaah!
Get out now!"
You hit Ijyb but do no damage.
Ijyb is severely wounded.
Ijyb seems less confused.
Ijyb barely misses you.
Ijyb zaps a wand.
The bolt of dispelling energy hits you!!
Ouch! That really hurt!
You aren't carrying any items that you can evoke.
Unknown command.
Casting: Sting (safe; 10% risk of failure)
Confirm with . or Enter, or press ? or * to list all spells.
Aiming: Sting (safe; 10% risk of failure)
Press: ? - help, Shift-Dir - straight line, f/p - Ijyb
Aim: Ijyb, wielding a +0 dagger, wearing a +0 chain mail and carrying a wand of quicksilver (12) (severely wounded, very poisoned, 68% to hit)
The sting hits Ijyb but does no damage.
Ijyb looks even sicker.
Ijyb is severely wounded.
Ijyb hits you but does no damage.
As you read the scroll labelled XEH NYUD XUKH, it crumbles to dust.
You feel strangely unstable.
It was a scroll of teleportation.
Ijyb hits you with a +0 dagger.
It was a potion of invisibility.
You fade into invisibility!
A gnoll comes into view. It is wielding a +0 flail.
Ijyb zaps a wand.
The bolt of dispelling energy hits you!!
You feel strangely stable.
Your magical effects are unravelling.
Ouch! That really hurt!
You die...

#..$.. ## ## #..).. .
### #. #..#.. .# ##.##
#. #..#)##.# ##...###.
#.......# #........
#.).# ##...###. #...#
###>####. #...#
#.....##. #@g.#
#.###....
####.g.######.# #.#.#
#.....g.......#.###.#.#
....................#..
................##..#..
.#####...##......<..#..
#...##.##.........
#.g.##.##.##..###.
#...##.##........)


You could see Ijyb (unable to see you, very poisoned) and 3 gnolls.

Vanquished Creatures
  An adder (D:2)
  2 dart slugs
  5 orcs (D:3)
  3 ball pythons (D:1)
  7 endoplasms
  2 giant cockroaches (D:2)
  4 goblins
  6 hobgoblins
  4 jackals (D:2)
  A kobold (D:2)
  2 quokkas (D:2)
  5 bats
  4 frilled lizards
  10 rats
56 creatures vanquished.

Notes
Turn   | Place    | Note
-------+----------+-------------------------------------------
     0 | D:1      | wingedge the Demigod Venom Mage began the quest for the
                  | Orb.
     0 | D:1      | Reached XP level 1. HP: 14/14 MP: 5/5
    13 | D:1      | Reached skill level 1 in Transmutations
   172 | D:1      | Reached skill level 3 in Poison Magic
   392 | D:1      | Reached XP level 2. HP: 20/20 MP: 2/7
   750 | D:1      | Learned a level 2 spell: Poisonous Vapours
   759 | D:1      | Reached skill level 1 in Fighting
  1233 | D:2      | Reached skill level 1 in Air Magic
  1233 | D:2      | Reached XP level 3. HP: 23/28 MP: 3/8
  1808 | D:2      | Learned a level 3 spell: Mephitic Cloud
  2048 | D:2      | Identified the +1 ring mail of Vublap {rC+ Regen+}
  2519 | D:3      | Noticed Ijyb
  2536 | D:3      | Killed from afar by Ijyb

Illustrated notes

Levels and vault maps discovered:
D:1:      saegor_arrival_simple_a, layout_basic
D:2:      layout_loops_cross, kennysheep_generic_room_12
D:3:      layout_loops_cross, lemuel_doored_altar,
          nicolae_ecumenical_lake_church, uniq_ijyb

Skill      XL: |  1  2  3 |
---------------+----------+-----
Transmutations | 1 |  1.0
Poison Magic   | 3 |  3.0
Spellcasting   | 2 |  2.0
Dodging        | 2 |  2.0
Stealth        | 2 |  2.0
Fighting       | 1 2 |  2.0
Air Magic      | 1 |  1.5
Conjurations   | |  0.4

Action                   || total
-------------------------++-------
Melee: Short sword       ||    18
       Dagger            ||     8
 Fire: Sling             ||    55
 Cast: Sting             ||    73
       Poisonous Vapours ||     5
       Mephitic Cloud    ||     2
  Use: Scroll            ||     1
       Potion            ||     1
 Stab: Confused          ||     1
Armor: Robe              ||     3
       Ring mail         ||    10
Dodge: Dodged            ||    41
